AoeStats
← 17_Neo_

Arena

510451139Analyzed
4v4 RM · 13h ago on Oct 1, 2026· 28m 52s· 8 players
Game mode
Random Map
Map size
Large (8 player)
Population
200
Speed
Normal
Resources
Standard
Victory
Conquest
Starting age
Dark Age
Ending age
Imperial Age
RankedLock teamsTeams togetherTeam positionsShared explorationLock speedFull tech treeHidden civsTurbo modeCheats
Victory
Defeat
🇨🇴 Teutons · Colombia
1397
+11
🇨🇴 Goths · Colombia
1394
+11
🇨🇴 Bohemians · Colombia
1296
+15
🇨🇴 Celts · Colombia
1240
+17
🇦🇷 Tupi · Argentina
1305
-15
🇦🇷 Vietnamese · Argentina
1299
-14
🇵🇪 Aztecs · Peru
1280
-14
🇦🇷 Khmer · Argentina
1224
-11
Logan
11:25 Feudal Age
13:09 Wheelbarrow
12:48 Double-Bit Axe
16:31 Castle Age
26:52 Wagenburg Tactics
17_Neo_
10:38 Feudal Age
12:14 Wheelbarrow
11:50 Horse Collar
14:44 Castle Age
12:36 Double-Bit Axe
16:03 Bow Saw
21:51 Gold Mining
23:40 Heavy Plow
23:33 Stone Mining
25:41 Hand Cart
29:20 Imperial Age
26:38 Town Watch
26:52 Loom
27:50 Anarchy
27:54 Scale Mail Armor
28:08 Forging
28:52 Chain Mail Armor
Escipion
12:05 Feudal Age
15:44 Castle Age
13:42 Horse Collar
14:00 Stone Mining
14:02 Double-Bit Axe
14:38 Gold Mining
17:01 Wheelbarrow
24:08 Scale Mail Armor
28:25 Pikeman
RAGNAROK
13:02 Feudal Age
14:18 Wheelbarrow
16:52 Castle Age
14:44 Double-Bit Axe
14:43 Horse Collar
20:48 Heavy Plow
23:31 Loom
27:49 Bow Saw
LAO9
10:21 Feudal Age
15:26 Castle Age
13:44 Loom
15:09 Double-Bit Axe
15:17 Gold Mining
15:12 Horse Collar
18:53 Sanctity
20:52 Redemption
26:15 Wheelbarrow
27:50 Fervor
Mysa_
9:22 Feudal Age
11:59 Loom
14:36 Castle Age
21:15 Wheelbarrow
21:59 Gold Mining
23:17 Horse Collar
24:20 Hand Cart
23:51 Loom
26:09 Heavy Plow
26:37 Town Watch
29:42 Imperial Age
27:42 Ballistics
29:34 Gold Shaft Mining
juanjemer
10:43 Feudal Age
12:00 Wheelbarrow
11:12 Double-Bit Axe
11:08 Horse Collar
16:22 Castle Age
16:03 Scale Barding Armor
16:49 Bloodlines
16:33 Gold Mining
17:21 Bow Saw
18:48 Husbandry
20:32 Forging
23:04 Loom
28:04 Hand Cart
28:48 Chain Barding Armor
Charly_
10:51 Feudal Age
17:29 Castle Age
15:45 Double-Bit Axe
16:07 Stone Mining
16:50 Gold Mining
17:24 Horse Collar
18:58 Bow Saw
18:53 Fletching
21:41 Loom
22:21 Padded Archer Armor
25:48 Wheelbarrow
Connection lost

Rejoining the realm…

Still unreachable

The connection could not be restored.

Session expired

The server has moved on; the page needs a fresh start.